 Dungeon Crawl Stone Soup version 0.31-a0-986-g5e6e4ef867 (webtiles) character file.

Game seed: 16403303568504207512

6419 omnomnOMINOUS the Covert (level 10, -2/72 HPs)
             Began as an Octopode Wanderer on Nov 19, 2023.
             Was a Priest of Dithmenos.
             Slain by a yak (6 damage)
             ... on level 1 of the Lair of Beasts.
             The game lasted 00:35:10 (9980 turns).

omnomnOMINOUS the Covert (Octopode Wanderer)        Turns: 9980, Time: 00:35:11

Health: -2/72      AC:  1    Str: 14    XL:     10   Next: 98%
Magic:  8/13       EV: 15    Int: 17    God:    Dithmenos [***...]
Gold:   448        SH:  5    Dex: 11    Spells: 4/13 levels left

rFire   . . .        a - +4 dagger
rCold   + . .        (no shield)
rNeg    . . .        c - +0 hat
rPois   +            K - amulet of reflection
rElec   .            k - ring of poison resistance
rCorr   +            n - ring of protection from cold
SInv    .            E - ring of flight
Will    +....        f - ring of resist corrosion
Stlth   +++++++      L - ring of willpower
HPRegen 0.32/turn    (no ring)
MPRegen 0.13/turn    (no ring)
                     (no ring)

%: reflection
@: mighty, about to teleport, attractive, flying, wreathed by umbra
A: almost no armour, amphibious, 8 rings, camouflage 1, gelatinous body 1,
(nimble swimmer 1), tentacles
a: Renounce Religion, Shadow Step


You were on level 1 of the Lair of Beasts.
You worshipped Dithmenos.
Dithmenos was most pleased with you.
You visited 2 branches of the dungeon, and saw 10 of its levels.
You also visited: Sewer.

You collected 448 gold pieces.

Inventory:

Hand Weapons
 a - a +4 dagger (weapon)
 b - the +4 war axe "Latwext" {freeze, Str+4 Int+3}
   (You found it on level 8 of the Dungeon)

   Str+4:     It affects your strength (+4).
   Int+3:     It affects your intelligence (+3).
 d - a +0 vampiric dagger
 i - a +2 dagger of protection
 H - a +1 dagger of speed
 I - a +2 dagger of flaming
Missiles
 p - 37 poisoned darts
Armour
 c - a +0 hat (worn)
Jewellery
 f - a ring of resist corrosion (on tentacle)
 k - a ring of poison resistance (left tentacle)
 n - a ring of protection from cold (right tentacle)
 E - a ring of flight (on tentacle)
 K - an amulet of reflection (around mantle)
 L - a ring of willpower (on tentacle)
Talismans
 x - a blade talisman
Wands
 u - a wand of quicksilver (23)
 y - a wand of flame (30)
Scrolls
 e - 3 scrolls of fear
 h - a scroll of enchant weapon
 j - a scroll of enchant armour
 o - a scroll of immolation
 r - a scroll of blinking
 s - 2 scrolls of poison
 w - 2 scrolls of vulnerability
 A - a scroll of brand weapon
Potions
 g - a potion of haste
 l - 2 potions of magic
 m - 3 potions of curing
 q - a potion of invisibility
 z - 2 potions of resistance
 D - a potion of degeneration {unknown}
 F - a potion of brilliance
 G - 2 potions of mutation {unknown}
 J - a potion of enlightenment
 M - a potion of cancellation {unknown}


   Skills:
 + Level 7.6 Fighting
 + Level 6.8 Short Blades
 + Level 7.5 Dodging
 + Level 10.3 Stealth
 - Level 2.0 Unarmed Combat
 - Level 2.0 Spellcasting
 + Level 4.2 Conjurations
 - Level 4.0 Summonings
 + Level 4.2 Earth Magic


You had 4 spell levels left.
You knew the following spells:

 Your Spells              Type           Power      Damage    Failure   Level
a - Apportation           Tloc           2%         N/A       19%         1
b - Magic Dart            Conj           64%        1d6       3%          1
c - Summon Small Mammal   Summ           60%        N/A       3%          1
d - Stone Arrow           Conj/Erth      32%        3d9       10%         3
e - Call Canine Familiar  Summ           15%        N/A       11%         3

Your spell library contained the following spells:

 Spells                   Type           Power      Damage    Failure   Level
 Call Imp                 Summ           30%        N/A       5%          2
 Kiss of Death            Conj/Necr      32%        2d7       9%          1
 Necrotise                Necr           4%         1d4       19%         1
 Sting                    Tmut/Pois      4%         1d3       19%         1
 Jinxbite                 Hex            2%         N/A       28%         2
 Poisonous Vapours        Pois/Air       2%         N/A       28%         2
 Mephitic Cloud           Conj/Pois/Air  6%         N/A       32%         3
 Confusing Touch          Hex            1%         N/A       50%         3
 Frozen Ramparts          Ice            2%         1d1       50%         3
 Petrify                  Tmut/Erth      8%         N/A       63%         4
 Dispel Undead            Necr           1%         3d6       88%         4
 Olgreb's Toxic Radiance  Pois           1%         N/A       88%         4
 Alistair's Intoxication  Tmut/Pois      0%         N/A       99%         5
 Metabolic Englaciation   Hex/Ice        0%         N/A       99%         5
 Lehudib's Crystal Spear  Conj/Erth      8%         10d3      100%        8
 Animate Armour           Summ/Erth      Unusable   N/A       N/A         4

Dungeon Overview and Level Annotations

Branches:
Dungeon (8/15)             Temple (0/1) D:7            Lair (2/5) D:8
  Sewer (visited)
  Swamp: Lair:2-3    Shoals: Lair:2-3     Snake: Lair:2-3    Spider: Lair:2-3

Altars:
Dithmenos
Hepliaklqana
Kikubaaqudgha
Okawaru
Qazlal
Ru
Sif Muna
Uskayaw
Vehumet
Yredelemnul
Zin
The Shining One

Annotations:
D:7 Jeremiah
Lair:1 Gastronok


Innate Abilities, Weirdness & Mutations

You cannot wear most types of armour.
You are amphibious.
You can wear up to eight rings at the same time.
Your skin changes colour to match your surroundings (Stealth+).
Your rubbery body absorbs attacks. (AC +1, EV +1)
((You are camouflaged when in or above water. (Stealth+)))
You have tentacles for arms and can constrict up to eight enemies at once.


Message History

You puncture the yak!
The yak is heavily wounded.
The yak gores you!
Unknown command.
Okay, then.
Unknown command.
Okay, then.
Unknown command.
As you read the scroll labelled ABAIJUITWESM, it crumbles to dust.
You hear a loud clanging noise!
It was a scroll of noise.
Your hound barely misses the yak.
The yak gores you! x2
Your hound bites the yak.
The yak gores your hound but does no damage.
Okay, then.
Unknown command.
You hit the yak but do no damage. You squeeze the yak!
The yak is almost dead.
You block the yak's attack. The yak misses you.
Your hound bites the yak but does no damage.
You hit the yak. You squeeze the yak.
You kill the yak!
Dithmenos accepts your kill.
Your hound bites the yak.
The yak gores you! x2
* * * LOW HITPOINT WARNING * * *
As you read the scroll of teleportation, it crumbles to dust.
You feel strangely unstable.
Your hound bites the yak.
The yak gores you but does no damage. The yak misses you.
The yak closely misses you.
It was a potion of attraction.
You feel attractive to monsters.
Your hound completely misses the yak.
The yak misses you. The yak gores you.
* * * LOW HITPOINT WARNING * * *
The yak closely misses you.
Unknown command.
It was a potion of might.
You feel very mighty all of a sudden.
Your hound bites the yak.
The yak gores you!
* * * LOW HITPOINT WARNING * * *
The yak gores you.
You die...

## ### .## ##### ...# ... ##Y#.#
P...# ## .... ## #@YY####...##.#
...##......#..###Yh.##.......####
...##.........##...........##....
.......#...............#...#....
.......#....P..........P.....?#
....P#......#..#.#..........Y.##
..#..##.....P..##..###.......>.#
..............##...# #......##...
#.#P#............#..##.#....#....


You could see 4 yaks and a friendly hound (summoned).

Vanquished Creatures
  A rime drake (Lair:2)
  A komodo dragon (Lair:2)
  A hornet (D:8)
  Sigmund (D:6)
  3 wyverns (D:8)
  8 yaks
  A basilisk (Lair:2)
  8 water moccasins
  An ice beast (D:5)
  A sky beast (D:6)
  2 centaurs
  3 phantoms (D:6)
  5 bullfrogs
  A kobold brigand (D:8)
  4 scorpions
  4 killer bees (D:8)
  2 howler monkeys
  A gnoll bouda (D:6)
  4 hounds
  A jelly (D:5)
  Natasha (twice) (D:3)
  4 iguanas
  A sleepcap (D:6)
  11 orc wizards
  9 adders
  4 gnolls
  A river rat (D:6)
  2 white imps
  4 worms
  2 dart slugs (D:2)
  27 orcs
  4 bats
  10 endoplasms
  8 giant cockroaches
  8 goblins
  6 hobgoblins
  3 jackals (D:2)
  4 quokkas
  7 ball pythons
  8 frilled lizards
  8 kobolds
  8 rats
194 creatures vanquished.

Vanquished Creatures (collateral kills)
  A yak (Lair:1)
  A sky beast (D:6)
  Pargi (Sewer)
  An ogre (D:5)
  A bullfrog (Lair:2)
  A killer bee (D:8)
  2 howler monkeys (D:7)
  An orc priest (D:3)
  An orc wizard (D:5)
  2 gnolls (D:6)
  4 orcs
  A goblin (D:3)
17 creatures vanquished.

Vanquished Creatures (others)
  A kobold (D:8)
1 creature vanquished.

Grand Total: 212 creatures vanquished

Notes
Turn   | Place    | Note
-------+----------+-------------------------------------------
     0 | D:1      | omnomnOMINOUS the Octopode Wanderer began the quest for the
                  | Orb.
     0 | D:1      | omnomnOMINOUS set off with the following items: a +0 club,
                  | a potion of berserk rage, a +0 hat, a potion of
                  | lignification, a scroll of fear; and the following spell
                  | memorised: Summon Small Mammal; and the following spells
                  | available to memorise: Call Canine Familiar.
     0 | D:1      | Reached XP level 1. HP: 13/13 MP: 3/3
   202 | D:1      | Reached XP level 2. HP: 16/18 MP: 5/5
   699 | D:2      | Reached XP level 3. HP: 5/24 MP: 4/6
   703 | D:2      | Learned a level 3 spell: Call Canine Familiar
   783 | D:2      | Found a shadowy altar of Dithmenos.
   954 | D:2      | Reached XP level 4. HP: 16/29 MP: 7/7
  1211 | D:2      | Reached XP level 5. HP: 35/35 MP: 8/8
  1406 | D:2      | Became a worshipper of Dithmenos the Shadowed
  1425 | D:3      | Identified the "Jomani Nurph"
  1603 | D:3      | Found an ancient bone altar of Kikubaaqudgha.
  1615 | D:3      | Reached skill level 3 in Stealth
  1619 | D:3      | Reached skill level 1 in Short Blades
  1619 | D:3      | Reached XP level 6. HP: 42/42 MP: 9/9
  1670 | D:3      | Found a radiant altar of Vehumet.
  1712 | D:3      | Found a shimmering blue altar of Sif Muna.
  1860 | D:3      | Noticed Natasha
  1865 | D:3      | Killed Natasha
  1878 | D:3      | Found a hazy altar of Hepliaklqana.
  1878 | D:3      | Found a basalt altar of Yredelemnul.
  1973 | D:3      | Found a hide-covered altar of Uskayaw.
  1975 | D:3      | Noticed Natasha
  1988 | D:3      | Killed Natasha
  2013 | D:3      | Reached skill level 4 in Stealth
  2339 | D:3      | Reached XP level 7. HP: 32/46 MP: 10/10
  2837 | D:3      | Found a stormy altar of Qazlal.
  3224 | D:4      | Reached * piety under Dithmenos
  3547 | D:4      | Reached skill level 5 in Stealth
  3796 | D:5      | Entered Level 5 of the Dungeon
  3799 | D:5      | Learned a level 1 spell: Magic Dart
  3803 | D:5      | Learned a level 3 spell: Stone Arrow
  3807 | D:4      | Learned a level 1 spell: Apportation
  4012 | D:5      | Reached XP level 8. HP: 46/54 MP: 9/11
  4100 | D:5      | Found an iron altar of Okawaru.
  4118 | D:5      | Found a sacrificial altar of Ru.
  4473 | D:5      | Reached skill level 6 in Stealth
  4944 | D:6      | Reached skill level 5 in Fighting
  5013 | D:6      | Identified the +0 chain mail of the End {rF+ Dex+3}
  5069 | D:6      | Reached skill level 5 in Dodging
  5138 | D:6      | Found a glowing drain.
  5142 | Sewer    | Entered a sewer
  5164 | Sewer    | Noticed Pargi
  5187 | Sewer    | Killed Pargi
  5308 | Sewer    | Reached ** piety under Dithmenos
  5555 | D:6      | Reached skill level 7 in Stealth
  5634 | D:6      | Noticed Sigmund
  5644 | D:6      | Killed Sigmund
  5645 | D:6      | Reached XP level 9. HP: 41/62 MP: 8/12
  6177 | D:6      | Reached skill level 5 in Short Blades
  6209 | D:6      | Reached skill level 8 in Stealth
  6453 | D:6      | Reached skill level 1 in Conjurations
  6453 | D:6      | Reached skill level 1 in Earth Magic
  6572 | D:7      | Noticed Jeremiah
  6717 | D:7      | Found a staircase to the Ecumenical Temple.
  6957 | D:8      | Found a glowing golden altar of the Shining One.
  7239 | D:8      | Found a glowing silver altar of Zin.
  7389 | D:8      | Noticed a hornet
  7618 | D:8      | Killed a hornet
  7790 | D:8      | Reached skill level 9 in Stealth
  7790 | D:8      | Reached XP level 10. HP: 55/69 MP: 13/13
  8574 | D:8      | Reached *** piety under Dithmenos
  8756 | D:8      | Found a staircase to the Lair.
  8852 | D:8      | Identified the +4 war axe "Latwext" {freeze, Str+4 Int+3}
  9029 | Lair:1   | Entered Level 1 of the Lair of Beasts
  9029 | Lair:1   | Noticed Gastronok
  9044 | Lair:1   | HP: 1/71 [Gastronok/the air (40)]
  9361 | Lair:2   | Reached skill level 10 in Stealth
  9670 | Lair:2   | Noticed a torpor snail
  9980 | Lair:1   | Slain by a yak

Illustrated notes

Levels and vault maps discovered:
D:1:      eino_arrival_cavern_a, layout_basic, minmay_misc_feat_tiny,
          minmay_cut_off
D:2:      minmay_diamond_boxcup, layout_rooms, basic_altar
D:3:      minmay_spotlight, layout_loops_corners, palyth_temple_overflow_mages,
          eat_drink_and_be_merry_uskayaw, gammafunk_temple_overflow_claw,
          serial_bayou_lagoon_a, nicolae_concentric_dashed_squares_mild,
          st_stairs_3, chequers_serial_rivers_room_a, uniq_natasha
D:4:      layout_loops_corners, nicolae_tricolors
D:5:      nicolae_BIG_FREAKIN_CUBE, layout_basic, okawaru_trees_1,
          mainiacjoe_overflow_six_doors_small
D:6:      layout_basic, mainiacjoe_sewer_entry_somewhere_in_here_2, uniq_sigmund
D:7:      layout_loops_ring, temple_doors_e, kennysheep_cross_bottleneck,
          uniq_jeremiah
D:8:      layout_basic, mainiacjoe_overflow_surrounded_room, zin_statuary,
          minmay_lair_entry_grove, enter_bailey_2,
          nicolae_houndstooth_variations
Lair:1:   gammafunk_indiana_jones, layout_cave_shapes,
          gammafunk_ghost_necromancy, serial_bayou_shore_b, grunt_megastairs_1,
          uniq_gastronok, uniq_harold
Lair:2:   layout_regular_city, grunt_megastairs_3

Skill      XL: |  1  2  3  4  5  6  7  8  9 10 |
---------------+-------------------------------+-----
Fighting       | 2 3 4 5 6 7 |  7.6
Dodging        | 2 3 4 5 6 7 |  7.5
Summonings     | 3 4 |  4.0
Stealth        | 3 4 5 7 9 10 | 10.3
Short Blades   | 1 3 4 5 6 |  6.8
Conjurations   | 2 4 |  4.2
Earth Magic    | 2 4 |  4.2
Unarmed Combat | |  2.0
Spellcasting   | |  2.0

Action                     |  1- 3 |  4- 6 |  7- 9 | 10-12 || total
---------------------------+-------+-------+-------+-------++-------
  Melee: Club              |    18 |       |       |       ||    18
         Tentacles         |    18 |    19 |    55 |    43 ||   135
         Constrict         |    20 |    27 |    49 |     8 ||   104
         Dagger            |    69 |   116 |   307 |   145 ||   637
         Punch             |     2 |     4 |    12 |     6 ||    24
         Unarmed           |       |     7 |       |       ||     7
         War axe           |       |       |       |     2 ||     2
   Cast: Summon Small Mamm |     1 |     4 |     2 |     2 ||     9
         Call Canine Famil |       |     4 |    34 |    18 ||    56
  Evoke: Wand              |       |       |     1 |     1 ||     2
    Use: Potion            |       |     2 |     1 |     8 ||    11
         Scroll            |       |       |    16 |     5 ||    21
   Stab: Sleeping          |     7 |     8 |    25 |     4 ||    44
         Distracted        |       |     1 |     4 |     3 ||     8
 Armour: Skin              |    30 |    68 |   135 |    66 ||   299
  Dodge: Dodged            |    51 |    53 |   208 |    71 ||   383
  Block: Other             |       |       |     8 |    23 ||    31

Table legend: (Time is in decaauts)
 A = Elapsed time spent in this place.
 B = Non-inter-level travel time spent in this place.
 C = Inter-level travel time spent in this place.
 D = Time resting spent in this place.
 E = Time spent auto-exploring this place.
 F = Levels seen in this place.
 G = Mean time per level.
                   A        B        C        D        E       F      G
               +--------+--------+--------+--------+--------+-----+--------+
         Total |   9882 |   9630 |    252 |   2084 |   4745 |  11 |  898.4 |
       Dungeon |   8755 |   8503 |    252 |   1596 |   4422 |   8 | 1094.4 |
          Lair |    947 |    947 |      0 |    488 |    203 |   2 |  473.5 |
         Sewer |    179 |    179 |      0 |      0 |    120 |   1 |  179.0 |
               +--------+--------+--------+--------+--------+-----+--------+

Top non-repeatable levels by time:
     D:8: 2110 daAuts
     D:3: 1476 daAuts
     D:6: 1288 daAuts
     D:5: 1172 daAuts
     D:4: 940 daAuts
     D:2: 773 daAuts
     D:1: 654 daAuts
  Lair:2: 603 daAuts
  Lair:1: 344 daAuts
     D:7: 338 daAuts
   Sewer: 179 daAuts
